 Dungeon Crawl Stone Soup version 0.28-a0-730-g892d06dc2c (webtiles) character file.

Game seed: 4740617750383393102

724 kae the Sneak (level 7, -8/32 HPs)
             Began as a Spriggan Enchanter on Oct 28, 2021.
             Mangled by an ice beast (10 damage)
             ... on level 5 of the Dungeon.
             The game lasted 00:02:54 (5406 turns).

kae the Sneak (Spriggan Enchanter)                  Turns: 5406, Time: 00:02:55

Health: -8/32      AC:  2    Str:  6    XL:     7   Next: 43%
Magic:  14/15      EV: 17    Int: 17    God:
Gold:   245        SH:  0    Dex: 15    Spells: 5/16 levels left

rFire   . . .      SeeInvis +   a - +4 short sword (elec)
rCold   . . .      Faith    .   (shield restricted)
rNeg    . . .      Spirit   .   b - +0 robe
rPois   .          Reflect  .   (helmet restricted)
rElec   .          Harm     .   (no cloak)
rCorr   .          Rampage  .   (gloves unavailable)
Will    +....                   (boots unavailable)
Stlth   ++++......              (no amulet)
HPRegen 0.10/turn               (no ring)
MPRegen 0.14/turn               (no ring)

@: marked, very quick
A: very small, no large weapons, unfitting armour, see invisible, speed 3
a: no special abilities


You were on level 5 of the Dungeon.
You visited 1 branch of the dungeon, and saw 5 of its levels.

You collected 245 gold pieces.

Inventory:

Hand Weapons
 a - a +4 short sword of electrocution (weapon)
 h - a +1 dagger of flaming
Armour
 b - a +0 robe (worn)
Scrolls
 d - a scroll of teleportation
 i - 3 scrolls of identify
 m - a scroll of amnesia
 n - a scroll of enchant weapon
Potions
 c - 2 potions of invisibility
 e - 3 potions of heal wounds
 f - 3 potions of flight {unknown}
 g - 3 potions of curing {unknown}
 j - a potion of ambrosia {unknown}
 k - a potion of cancellation {unknown}
 l - a potion of magic {unknown}


   Skills:
 * Level 5.7 Short Blades
 - Level 2.6 Dodging
 + Level 7.2 Stealth
 + Level 5.1 Spellcasting
 + Level 5.6 Hexes


You had 5 spell levels left.
You knew the following spells:

 Your Spells              Type           Power      Damage    Failure   Level
a - Ensorcelled Hibernat  Hex/Ice        28%        N/A       7%          2
b - Confusing Touch       Hex            23%        N/A       4%          3
c - Tukima's Dance        Hex            23%        N/A       4%          3
d - Dazzling Flash        Conj/Hex       28%        N/A       13%         3

Your spell library contained the following spells:

 Spells                   Type           Power      Damage    Failure   Level
 Spider Form              Tmut/Pois      2%         N/A       38%         3


Dungeon Overview and Level Annotations

Branches:
Dungeon (5/15)
 Temple: D:4-7

Altars:

Shops:
D:3 [


Innate Abilities, Weirdness & Mutations

You are very small and have problems with some larger weapons.
You are too small for most types of armour.
You have supernaturally acute eyesight. (SInv)
You cover ground extremely quickly. (Speed+++)


Message History

The bullfrog zombie hits you.
You hit the bullfrog zombie.
The bullfrog zombie is almost destroyed.
The bullfrog zombie misses you.
A bullfrog zombie is nearby!
You closely miss the bullfrog zombie.
The bullfrog zombie is almost destroyed.
The bullfrog zombie barely misses you.
You hit the bullfrog zombie.
You destroy the bullfrog zombie!
HP restored.
An ogre comes into view. It is wielding a +0 giant club.
A scorpion comes into view.
There are monsters nearby!
There are monsters nearby!
An ogre comes into view. It is wielding a +0 giant club.
The ogre shouts!
You hear an angry hiss.
Something shouts, "Scamper away, thou pandering ditch-delivered lewdster!"
Casting: Ensorcelled Hibernation (safe; 7% risk of failure)
Confirm with . or Enter, or press ? or * to list all spells.
Aiming: Ensorcelled Hibernation (safe; 7% risk of failure)
Press: ? - help, Shift-Dir - straight line, f - ogre
Aim: an ogre, wielding a +0 giant club (chance to affect: 45%)
The ogre resists with some effort.
The ogre hits you with a +0 giant club!!
Ouch! That really hurt!
* * * LOW HITPOINT WARNING * * *
The ogre pulls the alarm!
The alarm trap emits a blaring wail!
A sentinel's mark forms upon you.
You hear a howl!
You hear a shout! x2
A phantom comes into view.
An ice beast comes into view.
The phantom closely misses you.
The phantom hits you but does no damage.
A scorpion comes into view.
The ice beast hits you.
* * * LOW HITPOINT WARNING * * *
The ice beast freezes you!
You die...

#...... #....# #...### #
#....#####..##...# # #.
#....#.......#.... #
#..#....#.......+.... #
#..#....#<......#.... #
.8.............#.....#
#sY..# #..###+## # #
##.l@.#####..###..### .##
##..W.##...#..........
.O##
##.....#....'..[.....^.
...###
###...###.#..##...##.....
##.O.####.s.###
###..####+##..##.
###.O..O.###
#........##..##. ########
#........#...##.
#........#...##.
##..##...###+##.


You could see a phantom, an ice beast, 2 scorpions and an iguana.

Vanquished Creatures
  4 scorpions
  A wyvern zombie (D:4)
  A howler monkey (D:4)
  A bullfrog zombie (D:5)
  2 hounds
  2 orc priests
  An iguana (D:4)
  2 hound skeletons (D:4)
  9 adders
  2 worms
  6 dart slugs
  15 orcs
  8 bats
  4 endoplasms
  2 giant cockroaches
  A goblin (D:1)
  5 hobgoblins
  9 jackals
  2 quokkas (D:2)
  5 ball pythons
  3 frilled lizards
  9 kobolds
  5 rats
99 creatures vanquished.

Notes
Turn   | Place    | Note
-------+----------+-------------------------------------------
     0 | D:1      | kae the Spriggan Enchanter began the quest for the Orb.
     0 | D:1      | Reached XP level 1. HP: 9/9 MP: 5/5
   349 | D:1      | Reached XP level 2. HP: 13/13 MP: 6/6
   352 | D:1      | Learned a level 2 spell: Ensorcelled Hibernation
   475 | D:1      | Found a faded altar of an unknown god.
   953 | D:1      | Reached XP level 3. HP: 10/16 MP: 5/8
  1259 | D:2      | Learned a level 3 spell: Confusing Touch
  1263 | D:2      | Learned a level 3 spell: Tukima's Dance
  1304 | D:2      | Reached skill level 5 in Stealth
  1834 | D:2      | Reached XP level 4. HP: 19/21 MP: 10/10
  2821 | D:3      | Reached XP level 5. HP: 24/24 MP: 9/11
  2898 | D:3      | Learned a level 3 spell: Dazzling Flash
  3253 | D:3      | Found Vuitselyag's Antique Armour Boutique.
  3835 | D:4      | Reached skill level 6 in Stealth
  3835 | D:4      | Reached XP level 6. HP: 18/28 MP: 13/13
  4027 | D:4      | Reached skill level 5 in Hexes
  4975 | D:4      | Reached skill level 5 in Short Blades
  5222 | D:5      | Entered Level 5 of the Dungeon
  5259 | D:5      | Reached XP level 7. HP: 32/32 MP: 15/15
  5288 | D:5      | Reached skill level 7 in Stealth
  5288 | D:5      | Reached skill level 5 in Spellcasting
  5406 | D:5      | Mangled by an ice beast

Illustrated notes

Levels and vault maps discovered:
D:1:      eino_arrival_cavern_c, layout_basic,
          ebering_ecumenical_altar_petrified
D:2:      layout_loops_corners, kennysheep_minor_cross, minmay_pentomino_r2
D:3:      layout_basic, serial_shops, shop
D:4:      layout_layer_cave, minmay_misc_feat_x
D:5:      layout_gridville, serial_shops, shop, nzn_random_ring, uniq_edmund

Skill      XL: |  1  2  3  4  5  6  7 |
---------------+----------------------+-----
Spellcasting   | 3 4 5 |  5.1
Short Blades   | 2 3 4 5 |  5.7
Hexes          | 4 5 |  5.6
Stealth        | 5 6 7 |  7.2
Dodging        | |  2.6

Action                   |  1- 3 |  4- 6 |  7- 9 || total
-------------------------+-------+-------+-------++-------
Melee: Dagger            |    50 |       |       ||    50
       Short sword       |    75 |   126 |    11 ||   212
 Cast: Ensorcelled Hiber |     3 |    13 |     1 ||    17
  Use: Scroll            |     3 |     4 |       ||     7
 Stab: Sleeping          |    16 |    22 |     3 ||    41
Armor: Robe              |    13 |    10 |     1 ||    24
Dodge: Dodged            |    97 |    86 |     7 ||   190

Table legend: (Time is in decaauts)
 A = Elapsed time spent in this place.
 B = Non-inter-level travel time spent in this place.
 C = Inter-level travel time spent in this place.
 D = Time resting spent in this place.
 E = Time spent auto-exploring this place.
 F = Levels seen in this place.
 G = Mean time per level.
                   A        B        C        D        E       F      G
               +--------+--------+--------+--------+--------+-----+--------+
         Total |   4090 |   3967 |    123 |    697 |   2651 |   5 |  818.0 |
       Dungeon |   4090 |   3967 |    123 |    697 |   2651 |   5 |  818.0 |
               +--------+--------+--------+--------+--------+-----+--------+

Top non-repeatable levels by time:
     D:2: 1209 daAuts
     D:4: 1167 daAuts
     D:1: 1006 daAuts
     D:3: 578 daAuts
     D:5: 129 daAuts
